Map: [TLMC15] Berlingrad

Players

Scarlett

  • Race: Zerg Zerg

Zest - Winner!

  • Race: Protoss Protoss

Event: DreamHack SC2 Masters 2021 Winter

VOD

Have the link to the VOD?

Description

Time

  • Played on: Nov. 13, 2021, 12:06 p.m.
  • Length: 7:10

All games in this series

Show
View Real Time Build Order
Export as new Build Order

Scarlett Zerg 

Build Orders: Hatch First 

Get SALT Encoding   

  12  0:00  Drone  
  13  0:12  Overlord  
  13  0:17  Drone  
  14  0:31  Drone x2  
  16  0:36  Drone  
  17  0:51  Hatchery  
  17  0:54  Drone  
  17  0:57  Drone  
  18  1:09  Extractor  
  17  1:12  Spawning Pool  
  17  1:15  Drone  
  17  1:18  Drone  
  18  1:28  Drone  
  19  1:39  Drone  
  20  1:49  Overlord  
  20  1:58  Queen  
  22  2:03  Queen  
  22  2:04  Drone, Zergling x2  
  26  2:12  Metabolic Boost, Drone  
  27  2:19  Drone  
  27  2:22  Drone  
  29  2:30  Drone  
  29  2:33  Hatchery  
  29  2:38  Drone  
  29  2:41  Drone  
  31  2:45  Queen  
  31  2:50  Overlord  
  33  2:53  Drone  
  33  2:56  Drone  
  33  2:57  Drone  
  36  3:05  Overlord  
  36  3:11  Drone x2  
  36  3:12  Drone  
  39  3:13  Drone x3  
  39  3:18  Queen  
  42  3:27  Zergling x2  
  42  3:30  Queen  
  42  3:31  Zergling x2  
  42  3:32  Zergling x4  
  47  3:44  Drone x4  
  51  3:53  Queen  
  50  4:03  Drone x6, Overlord  
  50  4:05  Extractor  
  50  4:06  Extractor  
  50  4:07  Roach Warren  
  53  4:12  Queen  
  53  4:17  Spore Crawler  
  54  4:20  Drone x2, Overlord  
  54  4:22  Drone  
  57  4:30  Drone x4  
  61  4:36  Spore Crawler  
  61  4:37  Spore Crawler  
  59  4:39  Drone  
  59  4:40  Overlord  
  58  4:53  Roach x5  
  58  4:58  Roach  
  70  5:02  Roach x2  
  70  5:06  Roach x2  
  78  5:10  Zergling x4  
  79  5:18  Ravager x2  
  79  5:20  Overlord x2  
  81  5:32  Overlord  
  81  5:38  Ravager x4  
  81  5:39  Zergling x16  
  93  5:55  Zergling x12  
  96  6:12  Queen  
  96  6:13  Queen  
  96  6:14  Zergling x8  
  92  6:35  Drone x6  
  80  6:51  Zergling x10  
Show
View Real Time Build Order
Export as new Build Order

Zest Protoss - Winner!

Build Orders: 1 Gate Expand, Oracle Opening 

Get SALT Encoding   

  12  0:00  Probe  
  13  0:12  Probe  
  14  0:19  Pylon  
  14  0:24  Probe  
  15  0:37  Probe (Chrono Boost)  
  15  0:40  Gateway  
  16  0:47  Probe (Chrono Boost)  
  16  0:49  Assimilator  
  17  0:52  Probe (Chrono Boost)  
  18  1:04  Probe  
  19  1:16  Probe  
  20  1:25  Nexus  
  20  1:35  Cybernetics Core  
  20  1:39  Probe  
  21  1:44  Assimilator  
  21  1:51  Probe  
  22  1:54  Pylon  
  22  2:03  Probe (Chrono Boost)  
  23  2:12  Adept  
  23  2:14  Probe (Chrono Boost)  
  26  2:17  Stargate  
  26  2:18  Probe (Chrono Boost)  
  27  2:24  Warp Gate  
  28  2:31  Probe (Chrono Boost)  
  28  2:37  Probe (Chrono Boost)  
  28  2:39  Adept (Chrono Boost)  
  32  2:47  Probe x2 (Chrono Boost)  
  33  2:52  Probe (Chrono Boost)  
  33  2:54  Probe  
  35  2:59  Oracle (Chrono Boost)  
  35  3:02  Adept  
  40  3:06  Probe x2  
  40  3:10  Pylon  
  42  3:18  Probe x2  
  44  3:22  Gateway  
  44  3:28  Oracle (Chrono Boost)  
  44  3:31  Probe x2  
  49  3:43  Probe x2  
  49  3:46  Gateway  
  49  3:47  Gateway  
  51  3:55  Probe x2  
  53  4:06  Nexus  
  53  4:10  Pylon  
  53  4:13  Probe  
  53  4:16  Assimilator  
  54  4:18  Assimilator  
  54  4:19  Pylon  
  54  4:28  Probe x2  
  54  4:29  Adept x2  
  60  4:32  Pylon  
  60  4:40  Probe, Stargate  
  60  4:43  Fleet Beacon  
  61  4:48  Probe  
  62  4:54  Adept x3  
  68  5:01  Pylon  
  68  5:03  Shield Battery  
  68  5:14  Shield Battery  
  68  5:16  Forge  
  68  5:25  Tempest x2 (Chrono Boost)  
  68  5:27  Probe x2  
  80  5:36  Shield Battery  
  80  5:54  Stalker x2  
  80  5:55  Stalker x2  
  88  5:57  Photon Cannon, Shield Battery  
  88  6:02  Tempest (Chrono Boost)  
  91  6:12  Shield Battery  
  91  6:14  Shield Battery  
  91  6:19  Tempest (Chrono Boost)  
  91  6:24  Shield Battery  
  94  6:26  Photon Cannon  
  94  6:31  Stalker x2  
  95  6:35  Zealot  

Tags
 
Add a new tag
Caveats
  • Supply blocks, unpowered buildings, or Contaminate may cause inaccurate times.
  • Supply counts are checked every 10 seconds.